 Dungeon Crawl Stone Soup version 0.30-a0-728-gc68057be0a (webtiles) character file.

Game seed: 8506569514736622749

14555 omnomnOMINOUS the Cleaver (level 12, -5/89 HPs)
             Began as an Octopode Wanderer on Jan 30, 2023.
             Was an Initiate of Gozag.
             Slain by a death yak (22 damage)
             ... on level 1 of the Lair of Beasts.
             The game lasted 00:35:00 (13300 turns).

omnomnOMINOUS the Cleaver (Octopode Wanderer)      Turns: 13300, Time: 00:35:01

Health: -5/89      AC:  5    Str:  8    XL:     12   Next: 17%
Magic:  30/30      EV: 22    Int: 20    God:    Gozag
Gold:   301        SH:  5    Dex: 14    Spells: 17/23 levels left

rFire   + . .      SeeInvis .    a - +10 war axe of Saltpetre {flame, Fragile rPois rC+ rCorr}
rCold   + + .      Faith    .    (no shield)
rNeg    + + .      Spirit   .    (helmet restricted)
rPois   +          Reflect  +    j - amulet of reflection
rElec   +          Harm     .    i - ring of willpower
rCorr   +          Rampage  .    r - +5 ring of evasion
Will    ++...                    J - ring of willpower
Stlth   +                        v - ring "Sasur" {rPois rN++ rCorr MP+9 Stlth-}
HPRegen 0.34/turn                g - ring of wizardry
MPRegen 0.22/turn                B - +4 ring of protection
                                 (no ring)
                                 (no ring)

@: resistant, gold aura, hasted, very quick
A: almost no armour, amphibious, 8 rings, camouflage 1, gelatinous body 1,
(nimble swimmer 1), tentacles
a: Renounce Religion, Potion Petition, Call Merchant, Bribe Branch


You were on level 1 of the Lair of Beasts.
You worshipped Gozag.
Gozag was aware of your devotion.
You visited 2 branches of the dungeon, and saw 10 of its levels.
You also visited: Sewer and Bailey.

You collected 1819 gold pieces.
You spent 1043 gold pieces at shops.
You paid 475 gold pieces to Gozag.

Inventory:

Hand Weapons
 a - the +10 war axe of Saltpetre (weapon) {flame, Fragile rPois rC+ rCorr}
   (You bought it in a shop on level 6 of the Dungeon)

   rC:        It protects you from cold.
   rPois:     It protects you from poison.
   rCorr:     It protects you from acid and corrosion.
   Fragile:   It will be destroyed if unequipped.
 b - a +0 broad axe of flaming
Missiles
 d - a curare-tipped dart
 n - 24 poisoned darts
Jewellery
 g - a ring of wizardry (on tentacle)
 i - a ring of willpower (left tentacle)
 j - an amulet of reflection (around mantle)
 r - a +5 ring of evasion (right tentacle)
 v - the ring "Sasur" (on tentacle) {rPois rN++ rCorr MP+9 Stlth-}
   (You acquired it in a bailey)

   [ring of magical power]

   rPois:     It protects you from poison.
   rN:        It greatly protects you from negative energy.
   MP:        It affects your magic capacity (+9).
   rCorr:     It protects you from acid and corrosion.
   Stlth:     It makes you less stealthy.
 B - a +4 ring of protection (on tentacle)
 D - an amulet of magic regeneration
 J - a ring of willpower (on tentacle)
Wands
 A - a wand of flame (10)
Scrolls
 m - 2 scrolls of poison
 o - 4 scrolls of magic mapping
 p - a scroll of fog {unknown}
 q - 3 scrolls of immolation
 s - 2 scrolls of butterflies
 t - a scroll of torment {unknown}
 x - 2 scrolls of enchant armour {unknown}
 y - a scroll of amnesia {unknown}
 E - 2 scrolls of blinking {unknown}
Potions
 e - a potion of mutation
 f - 2 potions of lignification
 h - 2 potions of haste
 k - 3 potions of brilliance
 l - 2 potions of might
 u - a potion of invisibility
 w - a potion of attraction {unknown}
 z - 2 potions of magic {unknown}
 H - 4 potions of flight
 I - a potion of berserk rage {unknown}
Miscellaneous
 c - a phial of floods


   Skills:
 + Level 10.6 Fighting
 - Level 3.0 Short Blades
 + Level 12.6 Axes
 + Level 9.8 Dodging
 - Level 6.0 Spellcasting
 - Level 1.0 Necromancy
 - Level 1.1 Evocations


You had 17 spell levels left.
You knew the following spells:

 Your Spells              Type           Power      Damage    Failure   Level
a - Kiss of Death         Conj/Necr      32%        2d7       3%          1
b - Passwall              Tmut/Erth      5%         N/A       6%          2
c - Swiftness             Air            6%         N/A       12%         3

Your spell library contained the following spells:

 Spells                   Type           Power      Damage    Failure   Level
 Shock                    Conj/Air       24%        1d4       4%          1
 Ensorcelled Hibernation  Hex/Ice        12%        N/A       6%          2
 Vampiric Draining        Necr           10%        2d6       9%          3
 Dazzling Flash           Conj/Hex       12%        N/A       12%         3
 Gell's Gravitas          Tloc           6%         N/A       12%         3
 Teleport Other           Tloc           6%         N/A       12%         3
 Airstrike                Air            3%         2d(1-17)  38%         4
 Fulminant Prism          Conj/Hex       3%         3d5       38%         4
 Summon Ice Beast         Ice/Summ       6%         N/A       38%         4
 Agony                    Necr           10%        N/A       56%         5
 Silence                  Hex/Air        3%         N/A       71%         5
 Summon Mana Viper        Hex/Summ       6%         N/A       71%         5
 Dispersal                Tloc           3%         N/A       99%         6
 Monstrous Menagerie      Summ           3%         N/A       100%        7
 Necromutation            Tmut/Necr      4%         N/A       100%        8


Dungeon Overview and Level Annotations

Branches:
Dungeon (9/15)             Temple (0/1) D:5            Lair (1/5) D:9
  Sewer (visited)          Bailey (visited)
    Orc: D:9-12

Altars:
Dithmenos
Gozag
Hepliaklqana
Makhleb
Sif Muna
Uskayaw
The Shining One

Shops:
D:6 (

Annotations:
D:2 exclusion: door


Innate Abilities, Weirdness & Mutations

You cannot wear most types of armour.
You are amphibious.
You can wear up to eight rings at the same time.
Your skin changes colour to match your surroundings (Stealth+).
Your rubbery body absorbs attacks. (AC +1, EV +1)
((You are camouflaged when in or above water. (Stealth+)))
You have tentacles for arms and can constrict up to eight enemies at once.


Message History

The death yak is distracted by your dazzling golden aura.
The death yak bellows!
The komodo dragon hisses angrily.
You hit the death yak. You burn the death yak.
The death yak is moderately wounded.
The death yak is no longer distracted by gold.
You slash the death yak! You burn the death yak.
You squeeze the death yak, but do no damage.
The death yak is heavily wounded.
The komodo dragon is no longer distracted by gold.
The death yak gores you!!
You slash the death yak! You burn the death yak!
The death yak is severely wounded.
The death yak gores you.
The komodo dragon is distracted by your dazzling golden aura.
The komodo dragon hisses angrily.
You hit the death yak. You burn the death yak.
You squeeze the death yak, but do no damage.
The death yak is severely wounded.
The death yak gores you!
You slash the death yak! You burn the death yak.
The death yak is almost dead.
The komodo dragon is no longer distracted by gold.
The death yak gores you!!
* * * LOW HITPOINT WARNING * * *
Okay, then.
Unknown command. [a] - 390 gold - heal wounds and magic [b] - 224 gold - might and brilliance [c] - 420 gold - haste and resistance Purchase which effect? [a] - 390 gold - heal wounds and magic [b] - 224 gold - might and brilliance [c] - 420 gold - haste and resistance Purchase which effect?
You no longer have enough gold to petition Gozag for potion effects.
You feel yourself speed up.
You feel protected. The death yak gores you!!
You die...
Your body crumbles into a pile of gold.

####..### ##.......#
#......##. #.P....... ###
#######.......#. ..##
.#.#.##.....##.. # #..
..#.##.##.....##
#.##..#.##.##.......##.
.##....#@##..##..........
.......$#YY............#.
.......#.Yl..............
.^.......................
.........................
.........................
.........................
.............#...........
.............#...........


You could see 2 death yaks, a komodo dragon and a yak.

Vanquished Creatures
  A hydra (D:9)
  A death yak (Lair:1)
  An orc sorcerer (Bailey)
  A torpor snail (Lair:1)
  A cane toad (Lair:1)
  A komodo dragon (Lair:1)
  Psyche (D:9)
  A kobold demonologist (Bailey)
  10 yaks
  3 wyverns
  Eustachio (D:4)
  A steam dragon (D:7)
  Edmund (D:6)
  2 wargs (D:9)
  4 water moccasins
  3 ice beasts
  15 orc warriors
  2 sky beasts (D:7)
  2 black bears (Lair:1)
  2 ogres
  2 centaurs
  A phantom (D:5)
  3 kobold brigands
  3 bullfrogs (Lair:1)
  Blork the orc (D:6)
  A scorpion (D:6)
  2 wights (D:8)
  6 killer bees (D:9)
  7 howler monkeys
  5 electric eels (Bailey)
  2 jellies (D:5)
  5 orc priests
  Crazy Yiuf (D:6)
  Jessica (D:3)
  4 iguanas
  15 orc wizards
  4 gnolls
  5 river rats (Sewer)
  8 adders
  A white imp (D:5)
  2 worms
  2 dart slugs
  39 orcs
  10 endoplasms
  3 giant cockroaches
  12 goblins
  13 hobgoblins
  4 jackals (D:2)
  31 kobolds
  4 quokkas
  17 ball pythons
  3 bats
  6 frilled lizards
  24 rats
301 creatures vanquished.

Vanquished Creatures (others)
  A wight (D:8)
  An orc wizard (D:8)
  An adder (D:5)
  4 kobolds (D:8)
  A fungus (Lair:1)
  3 plants
  10 toadstools (D:2)
21 creatures vanquished.

Grand Total: 322 creatures vanquished

Notes
Turn   | Place    | Note
-------+----------+-------------------------------------------
     0 | D:1      | omnomnOMINOUS the Octopode Wanderer began the quest for the
                  | Orb.
     0 | D:1      | omnomnOMINOUS set off with the following items: a +3 short
                  | sword, a potion of haste; and the following spell
                  | memorised: Kiss of Death; and the following spells
                  | available to memorise: Vampiric Draining.
     0 | D:1      | Reached XP level 1. HP: 17/17 MP: 2/2
   239 | D:1      | Reached XP level 2. HP: 22/22 MP: 3/3
   296 | D:1      | Reached skill level 1 in Dodging
   559 | D:1      | Reached XP level 3. HP: 27/27 MP: 5/5
  1327 | D:2      | Reached XP level 4. HP: 34/34 MP: 7/7
  1705 | D:3      | Noticed Jessica
  1937 | D:3      | Identified the +1 leather armour "Sohiv" {rC+}
  1942 | D:3      | Reached XP level 5. HP: 38/38 MP: 8/8
  1961 | D:3      | Found a glowing drain.
  1970 | Sewer    | Entered a sewer
  2187 | Sewer    | Reached skill level 5 in Fighting
  2315 | Sewer    | Noticed a kobold brigand
  2465 | Sewer    | Killed a kobold brigand
  2466 | Sewer    | Reached XP level 6. HP: 30/45 MP: 10/10
  3056 | D:3      | Killed Jessica
  3476 | D:4      | Reached XP level 7. HP: 51/51 MP: 12/12
  3630 | D:4      | Found a burning altar of Makhleb.
  3732 | D:4      | Found a shimmering blue altar of Sif Muna.
  3767 | D:4      | Found an opulent altar of Gozag.
  3899 | D:4      | Noticed Eustachio
  3917 | D:4      | Killed Eustachio
  4407 | D:4      | Became a worshipper of Gozag Ym Sagoz the Greedy
  4437 | D:5      | Entered Level 5 of the Dungeon
  4724 | D:5      | Reached XP level 8. HP: 44/58 MP: 13/15
  4748 | D:5      | Reached skill level 5 in Dodging
  5256 | D:5      | Reached skill level 5 in Spellcasting
  5444 | D:5      | Found a staircase to the Ecumenical Temple.
  5960 | D:6      | Found a hazy altar of Hepliaklqana.
  6034 | D:6      | Noticed Edmund
  6261 | D:6      | Found Fonoodo's Weapon Shop.
  6321 | D:6      | Learned a level 2 spell: Passwall
  6325 | D:6      | Learned a level 3 spell: Swiftness
  6438 | D:6      | Noticed Blork the orc
  6445 | D:6      | Killed Blork the orc
  6446 | D:6      | Reached skill level 1 in Axes
  6493 | D:6      | Found a shadowy altar of Dithmenos.
  6586 | D:6      | Found a runed translucent door.
  6587 | D:6      | Noticed Crazy Yiuf
  6596 | D:6      | Killed Crazy Yiuf
  6678 | D:6      | Killed Edmund
  6679 | D:6      | Reached XP level 9. HP: 64/64 MP: 17/17
  6710 | D:7      | Reached skill level 2 in Axes
  7284 | D:8      | Found a flagged portal.
  7293 | Bailey   | Entered a bailey
  7406 | Bailey   | Reached skill level 3 in Axes
  7608 | Bailey   | Noticed a kobold demonologist
  8398 | Bailey   | Reached skill level 4 in Axes
  8828 | Bailey   | Found an iron altar of Okawaru.
  8833 | Bailey   | Noticed an orc sorcerer
  8840 | Bailey   | Noticed an ice devil
  8845 | Bailey   | Noticed a smoke demon
  8846 | Bailey   | Killed an orc sorcerer
  8847 | Bailey   | Reached skill level 5 in Axes
  8847 | Bailey   | Reached XP level 10. HP: 48/74 MP: 19/19
  8851 | Bailey   | Noticed a rust devil
  8854 | Bailey   | Killed a kobold demonologist
  9082 | Bailey   | Found an iron altar of Okawaru.
  9387 | Bailey   | Reached skill level 11 in Axes
  9387 | Bailey   | Reached XP level 11. HP: 80/80 MP: 20/20
  9388 | Bailey   | Acquired the ring "Sasur" {rPois rN++ rCorr MP+9 Stlth-}
 10837 | D:6      | Bought the +10 war axe of Saltpetre {flame, Fragile rPois
                  | rC+ rCorr} for 1043 gold pieces
 10947 | D:8      | Found a hide-covered altar of Uskayaw.
 11196 | D:8      | Found a glowing golden altar of the Shining One.
 11422 | D:9      | Got the Directory of the Reshaped Jinx
 11466 | D:9      | Noticed Psyche
 11472 | D:9      | Killed Psyche
 11540 | D:9      | Identified the +7 quarterstaff "Bowamus" {heavy, Dex+4}
 11744 | D:9      | Noticed a six-headed hydra
 11921 | D:9      | Killed a two-headed hydra
 11922 | D:9      | Reached skill level 12 in Axes
 12124 | D:9      | Found a staircase to the Lair.
 12375 | Lair:1   | Entered Level 1 of the Lair of Beasts
 12384 | Lair:1   | Reached skill level 10 in Fighting
 12760 | Lair:1   | Reached XP level 12. HP: 56/88 MP: 21/21
 13088 | Lair:1   | Noticed a death yak
 13134 | Lair:1   | Killed a death yak
 13273 | Lair:1   | Noticed a death yak
 13274 | Lair:1   | Noticed a death yak
 13300 | Lair:1   | Slain by a death yak

Illustrated notes

Levels and vault maps discovered:
D:1:      lemuel_arrival_cross, layout_basic, minivault_14, roderic_lattice_a
D:2:      cheibrodos_fertilizer, layout_basic, nicolae_eternal_life
D:3:      layout_basic, portal_sewer_entry_c, minivault_26, uniq_jessica
D:4:      layout_loops_corners, mainiacjoe_overflow_tiny_flanked,
          mainiacjoe_overflow_catch_the_wave, uniq_eustachio
D:5:      layout_basic, lemuel_temple_firewalk_b
D:6:      layout_cave_pools, worldfamousw_hep_ancestral_shrine,
          mainiacjoe_overflow_surrounded_room, serial_shops,
          nicolae_shop_bloodbath_and_beyond, lemuel_flamethrower_2,
          uniq_crazy_yiuf_cottage, uniq_blork_the_orc, uniq_edmund
D:7:      layout_loops_ring
D:8:      layout_cave_pools, mainiacjoe_overflow_boulevard,
          nicolae_overflow_hidden_temple, enter_bailey_1
D:9:      layout_roguey, erik_lair_orcish_takeover, kennysheep_generic_room_13,
          uniq_psyche
Lair:1:   layout_cave_shapes, grunt_megastairs_5

Skill      XL: |  1  2  3  4  5  6  7  8  9 10 11 |
---------------+----------------------------------+-----
Dodging        | 1 2 3 4 6 7 8 9 |  9.8
Spellcasting   | 2 3 4 5 6 |  6.0
Fighting       | 5 6 7 9 10 | 10.6
Axes           | 1 5 11 12 | 12.6
Short Blades   | |  3.0
Necromancy     | |  1.0
Evocations     | |  1.1

Action                     |  1- 3 |  4- 6 |  7- 9 | 10-12 || total
---------------------------+-------+-------+-------+-------++-------
  Melee: Short sword       |    76 |   172 |   392 |    25 ||   665
         Constrict         |    17 |    36 |    63 |    41 ||   157
         Tentacles         |    10 |    36 |   126 |    67 ||   239
         Punch             |       |     5 |     7 |     2 ||    14
         Unarmed           |       |     2 |       |       ||     2
         War axe           |       |       |       |   226 ||   226
         Dagger            |       |       |       |    12 ||    12
  Throw: Dart              |       |     2 |       |       ||     2
         Throwing net      |       |       |     2 |       ||     2
   Cast: Kiss of Death     |       |       |       |     1 ||     1
 Invoke: Potion Petition   |       |       |       |     1 ||     1
  Evoke: Wand              |       |       |    22 |     6 ||    28
    Use: Scroll            |       |     7 |     6 |     6 ||    19
         Potion            |       |     1 |     8 |     7 ||    16
   Stab: Sleeping          |     9 |     3 |    10 |     1 ||    23
         Invisible         |       |       |     2 |     4 ||     6
         Held in net/web   |       |       |     1 |       ||     1
         Distracted        |       |       |       |     3 ||     3
 Armour: Skin              |     8 |     6 |     4 |     5 ||    23
  Dodge: Dodged            |    49 |   103 |   165 |   174 ||   491
  Block: Other             |       |       |    49 |    45 ||    94
         Reflection        |       |       |     1 |     3 ||     4

Table legend: (Time is in decaauts)
 A = Elapsed time spent in this place.
 B = Non-inter-level travel time spent in this place.
 C = Inter-level travel time spent in this place.
 D = Time resting spent in this place.
 E = Time spent auto-exploring this place.
 F = Levels seen in this place.
 G = Mean time per level.
                   A        B        C        D        E       F      G
               +--------+--------+--------+--------+--------+-----+--------+
         Total |  13149 |  12533 |    616 |   2404 |   7470 |  12 | 1095.8 |
       Dungeon |   9153 |   8537 |    616 |   1141 |   5695 |   9 | 1017.0 |
          Lair |    878 |    878 |      0 |    167 |    507 |   1 |  878.0 |
         Sewer |    874 |    874 |      0 |    251 |    340 |   1 |  874.0 |
        Bailey |   2242 |   2242 |      0 |    845 |    928 |   1 | 2242.0 |
               +--------+--------+--------+--------+--------+-----+--------+

Top non-repeatable levels by time:
  Bailey: 2242 daAuts
     D:7: 1531 daAuts
     D:5: 1357 daAuts
     D:4: 1216 daAuts
     D:9: 1010 daAuts
     D:2: 893 daAuts
  Lair:1: 878 daAuts
   Sewer: 874 daAuts
     D:6: 853 daAuts
     D:8: 849 daAuts
     D:1: 752 daAuts
     D:3: 688 daAuts
